[Event "Mistrzostwa Polski Juniorek Młodszych "]
[Site "Suwałki, Poland"]
[Date "????.??.??"]
[Round "1.7"]
[White "Gorecka, Zuzanna"]
[Black "Loboda, Hanna"]
[Result "0-1"]
[WhiteElo "1858"]
[BlackElo "1548"]
[PlyCount "84"]
[TimeControl "90/40+15:0"]
[WhiteClock "0:17:42"]
[BlackClock "0:15:17"]

1. d4 Nf6 2. c4 g6 3. Nf3 Bg7 4. g3 O-O 5. Bg2 d6 6. Nc3 Nbd7 7. O-O e5 8. e4 Ne8 9. d5 f5 10. b4 f4 11. Ba3 Ndf6 12. c5 h6 13. h4 Nh5 14. Kh2 Nef6 15.
Qe1 g5 16. hxg5 hxg5 17. Nd2 Ng4+ 18. Kg1 Qf6 19. Nb5 f3 20. Bxf3 Qh6 21. Bxg4 Bxg4 22. Qe3 Rf7 23. Nc3 Raf8 24. Nd1 Bf3 25. Nxf3 Rxf3 26. Qe1 Nxg3 27. fxg3 Rxf1+ 28. Qxf1 Rxf1+ 29. Kxf1 Qh1+ 30. Kf2 g4 31. Bb2 Qf3+ 32. Kg1 Qxg3+ 33. Kf1 Qh3+ 34. Ke1 g3 35. Ne3 g2 36. Kf2 Bf6 37. Rg1 Qh4+ 38.
Kxg2 Qxe4+ 39. Kf2+ Kf7 40. cxd6 cxd6 41. Rg4 Qb1 42. Nc4 b5 0-1

[Event "Mistrzostwa Polski Juniorek Młodszych "]
[Site "Suwałki, Poland"]
[Date "????.??.??"]
[Round "1.17"]
[White "Pajak, Patrycja"]
[Black "Wisniewska, Blanka"]
[Result "1-0"]
[WhiteElo "1734"]
[BlackElo "1503"]
[PlyCount "73"]
[TimeControl "90/40+15:0"]
[WhiteClock "0:03:00"]
[BlackClock "0:08:49"]

1. e4 c5 2. Nf3 e6 3. d4 cxd4 4. Nxd4 a6 5. Bd3 Nf6 6. O-O Qc7 7. f4 d6 8. Kh1 Be7 9. Nd2 Nbd7 10. N2f3 b5 11. Qe2 Bb7 12. e5 dxe5 13.
fxe5 Nd5 14. a3 h6 15. Bd2 Bc5 16. Rae1 Qb6 17. c3 Nb8 18. Qf2 Qc7 19. Qg3 Nc6 20. Nxc6 Bxc6 21. c4 Nb6 22. cxb5 Bxb5 23. Bxb5+ axb5 24. Qxg7 O-O-O 25. b4 Nd5 26. Qg4 Rdg8 27. Qe4 h5 28.
Rc1 Rg4 29. Qe2 Rc4 30. bxc5 Qxc5 31. Rxc4 bxc4 32. Bb4 Qb6 33. Qxc4+ Kd7 34. Ng5 f5 35. exf6 Rc8 36. Qd3 Rg8 37. f7 1-0

[Event "Mistrzostwa Polski Juniorek Młodszych "]
[Site "Suwałki, Poland"]
[Date "????.??.??"]
[Round "1.19"]
[White "Opala, Natalia"]
[Black "Kalata, Julia"]
[Result "1/2-1/2"]
[WhiteElo "1716"]
[BlackElo "1501"]
[PlyCount "94"]
[TimeControl "90/40+15:0"]
[WhiteClock "0:27:53"]
[BlackClock "0:06:45"]

1. e4 e5 2. Nf3 Nc6 3. Bb5 a6 4. Ba4 Nf6 5. O-O b5 6. Bb3 Bc5 7. Re1 d6 8. c3 h6 9. h3 O-O 10. d4 Bb6 11. a4 Bb7 12. axb5 axb5 13. Rxa8 Bxa8 14. Na3 b4 15. Nc4 Ba7 16. dxe5 dxe5 17. Qxd8 Rxd8 18. Ncxe5 Nxe5 19. Nxe5 Nxe4 20. Be3 Bxe3 21.
Rxe3 Nd6 22. Rd3 Kh7 23. cxb4 f6 24. Nc4 Bc6 25. Nxd6 cxd6 26. Bf7 d5 27. b5 Bxb5 28. Rxd5 Rxd5 29. Bxd5 Kg6 30. b3 Kf5 31. f3 Ke5 32. Bf7 g5 33. Kf2 f5 34. g3 f4 35. gxf4+ Kxf4 36. Bc4 Bc6 37. Be2 h5 38. b4 Bd7 39. Kg2 Ke3 40. Ba6 Bc6 41.
Kg3 Bxf3 42. Bc8 h4+ 43. Kh2 Be2 44. Bd7 Bd1 45. b5 Be2 46.
b6 Ba6 47. Bc6 Kf4 1/2-1/2

[Event "Mistrzostwa Polski Juniorek Młodszych "]
[Site "Suwałki, Poland"]
[Date "????.??.??"]
[Round "1.23"]
[White "Kaczmarczyk, Dominika"]
[Black "Lapczynska, Magdalena"]
[Result "1-0"]
[WhiteElo "1644"]
[BlackElo "1479"]
[PlyCount "67"]
[TimeControl "90/40+15:0"]
[WhiteClock "0:14:59"]
[BlackClock "0:48:53"]

1. e4 c5 2. Nc3 Nc6 3. Bb5 g6 4. Bxc6 bxc6 5. d3 Bg7 6. f4 d6 7. Nf3 Nf6 8. O-O O-O 9. Qe1 e5 10. fxe5 dxe5 11. b3 Bg4 12. Be3 Bxf3 13. Rxf3 Qd6 14. Na4 Nd7 15. Qf2 Rab8 16. Nxc5 a5 17. Rf1 f5 18. exf5 Rxf5 19. Rxf5 gxf5 20. Nxd7 Qxd7 21. Qxf5 Qxf5 22. Rxf5 Ra8 23. Bc5 a4 24. b4 Re8 25. Rf2 e4 26. Re2 e3 27. Rxe3 Rxe3 28. Bxe3 Bc3 29. Bc5 Kf7 30. Kf2 Ke6 31. Ke3 Kd5 32. g4 Be1 33. c4+ Ke6 34. Ke4 1-0

[Event "Mistrzostwa Polski Juniorek Młodszych "]
[Site "Suwałki, Poland"]
[Date "????.??.??"]
[Round "1.24"]
[White "Mucha, Gabriela"]
[Black "Cudyk, Oliwia"]
[Result "0-1"]
[WhiteElo "1475"]
[BlackElo "1643"]
[PlyCount "40"]
[TimeControl "90/40+15:0"]
[WhiteClock "0:08:05"]
[BlackClock "0:00:34"]

1. e4 c5 2. Nc3 Nc6 3. Nf3 d6 4. d4 cxd4 5. Nxd4 Nf6 6. Bc4 e6 7. O-O Be7 8. Be3 O-O 9. Re1 a6 10. a4 Bd7 11. h3 Rc8 12. Be2 Nxd4 13.
Bxd4 Bc6 14. Bf3 Qa5 15. Qd3 Rfd8 16. Qe3 Nd7 17. Qe2 Ne5 18. Bg4 Bf6 19. Qd1 Qb4 20. Ne2 Bxe4 0-1

[Event "Mistrzostwa Polski Juniorek Młodszych "]
[Site "Suwałki, Poland"]
[Date "????.??.??"]
[Round "1.25"]
[White "Meshkova, Aleksandra"]
[Black "Witkowska, Amelia"]
[Result "1-0"]
[WhiteElo "1599"]
[BlackElo "1463"]
[PlyCount "129"]
[TimeControl "90/40+15:0"]
[WhiteClock "0:37:22"]
[BlackClock "0:26:43"]

1. d4 Nf6 2. c4 g6 3. Nc3 Bg7 4. e4 d6 5. Nf3 O-O 6. Be2 Na6 7. O-O e5 8. a3 exd4 9. Nxd4 Nc5 10. f3 a5 11. Be3 Ne6 12. Qd2 Nxd4 13. Bxd4 c6 14. Be3 Be6 15. Rad1 Ne8 16. Bc5 Bf6 17. Bd4 Bxd4+ 18. Qxd4 c5 19. Qe3 Qe7 20. f4 f6 21. Qg3 f5 22. Qe3 fxe4 23. Qxe4 Qd7 24. Nd5 Bxd5 25. Qxd5+ Qf7 26. Qd3 Rd8 27. Bf3 Qg7 28. Qc2 Kh8 29. Be4 Nf6 30. Bd5 Qh6 31. Qc3 Qg7 32. g3 Nxd5 33. Qxg7+ Kxg7 34. Rxd5 Rfe8 35. Rfd1 Re6 36. Rxc5 dxc5 37. Rxd8 Rb6 38. Rd5 Rxb2 39. Rxc5 b6 40. Rb5 Rc2 41. Rxb6 Rxc4 42. Rb5 Ra4 43. Rb3 Rc4 44. h3 Kh6 45. Kf2 a4 46. Rd3 g5 47. f5 Kg7 48. g4 Kf6 49. Kf3 h5 50.
Rd6+ Ke7 51. Re6+ Kf7 52. gxh5 Rf4+ 53. Kg3 Rxf5 54. Re4 Ra5 55. h4 Kf6 56. Kg4 gxh4 57. Kxh4 Kf5 58. Rg4 Kf6 59. h6 Ra7 60. Kg3 Rh7 61. Rxa4 Ke5 62. Ra6 Kd5 63. Kg4 Kc5 64. Kg5 Kb5 65. Ra8 1-0

[Event "Mistrzostwa Polski Juniorek Młodszych "]
[Site "Suwałki, Poland"]
[Date "????.??.??"]
[Round "1.4"]
[White "Dabrowska, Ewa"]
[Black "Ejsymont, Blanka"]
[Result "0-1"]
[WhiteElo "1583"]
[BlackElo "1910"]
[PlyCount "82"]
[TimeControl "90/40+15:0"]
[WhiteClock "0:41:34"]
[BlackClock "0:29:27"]

1. d4 Nf6 2. Nc3 d5 3. Bf4 c5 4. e3 a6 5. h3 Nc6 6. Nf3 Bf5 7. a3 e6 8. Nh4 Bg6 9. Nxg6 hxg6 10. Be2 Nh5 11. Bh2 cxd4 12. exd4 Qb6 13. Na4 Qxd4 14. c3 Qa7 15. b3 b5 16. Nb2 Nf6 17. Bf3 Bc5 18.
Nd3 Bb6 19. O-O O-O 20. Ne5 Rfc8 21. Rc1 Bc7 22. Nxc6 Bxh2+ 23. Kxh2 Rxc6 24. Qd2 Qc7+ 25. Kg1 Rc8 26. b4 Rxc3 27. Rxc3 Qxc3 28. Qa2 Qc2 29. Qa1 Rc3 30. Rb1 Rxa3 31. Qxa3 Qxb1+ 32. Kh2 d4 33. Be2 Qe1 34. Qf3 Nd5 35. Kg3 Qxb4 36. Bd1 a5 37. Bb3 Qc3 38. Qxc3 Nxc3 39. Bc2 a4 40. Kf3 b4 41. Bd3 b3 0-1

[Event "Mistrzostwa Polski Juniorek Młodszych "]
[Site "Suwałki, Poland"]
[Date "????.??.??"]
[Round "1.3"]
[White "Rzadkowska, Kaja"]
[Black "Jankowska, Aniela"]
[Result "1-0"]
[WhiteElo "1914"]
[BlackElo "1584"]
[PlyCount "51"]
[TimeControl "90/40+15:0"]
[WhiteClock "0:12:45"]
[BlackClock "0:13:31"]

1. e4 c5 2. Nf3 e6 3. d4 cxd4 4. Nxd4 a6 5. Bd3 Nf6 6. O-O Qc7 7. Qe2 d6 8. c4 Be7 9. f4 Nbd7 10. b3 O-O 11. Kh1 b6 12. Bb2 Bb7 13.
Nc3 Nc5 14. Bc2 Rfd8 15. b4 Ncd7 16. Bd3 Rac8 17. Rae1 Bf8 18. Nf3 d5 19. cxd5 exd5 20. e5 Nh5 21. Bxh7+ Kh8 22. Ng5 g6 23. e6 Nxf4 24. Rxf4 Bg7 25. Rxf7 Bxc3 26. Bxg6 1-0

[Event "Mistrzostwa Polski Juniorek Młodszych "]
[Site "Suwałki, Poland"]
[Date "????.??.??"]
[Round "1.20"]
[White "Diakun, Zofia"]
[Black "Tkacz, Katarzyna"]
[Result "0-1"]
[WhiteElo "1501"]
[BlackElo "1686"]
[PlyCount "116"]
[TimeControl "90/40+15:0"]
[WhiteClock "0:40:17"]
[BlackClock "0:18:03"]

1. d4 Nf6 2. c4 g6 3. Nc3 d5 4. cxd5 Nxd5 5. e4 Nxc3 6. bxc3 Bg7 7. Nf3 c5 8. Be3 Nc6 9. h3 O-O 10. Be2 b6 11. O-O Bb7 12. d5 Ne5 13.
Nxe5 Bxe5 14. c4 Bxa1 15. Qxa1 f6 16. Bh6 Qd6 17. f4 e5 18. f5 Rfd8 19. Qe1 Qe7 20. Qg3 Qf7 21. Bh5 Qe7 22. fxg6 Kh8 23. g7+ Kg8 24. Qh4 Rd6 25. g4 Ba6 26. Qg3 Bxc4 27. Rf2 Bb5 28. g5 Be8 29. Bxe8 Rxe8 30. gxf6 Rxf6 31. Qg5 Rxf2 32. Qxe7 Rxe7 33. Kxf2 Rd7 34. Ke2 Rd6 35. Bd2 Kxg7 36. a4 Rg6 37. Bc3 Kf6 38. Be1 Rg2+ 39. Kd3 Rg1 40. Kd2 Rg2+ 41. Kd3 Ra2 42. a5 b5 43. h4 Ra3+ 44. Kc2 b4 45. Kb2 Re3 46. Bd2 Rxe4 47. Bg5+ Kf5 48. Be7 Rd4 49. Bxc5 Rxd5 50. Bxb4 Rb5 51. Kc3 Rxb4 52. Kxb4 e4 53. Kc3 Kf4 54. Kd2 Kf3 55. Ke1 h5 56. Kf1 a6 57. Ke1 Ke3 58. Kf1 Kd2 0-1

[Event "Mistrzostwa Polski Juniorek Młodszych "]
[Site "Suwałki, Poland"]
[Date "????.??.??"]
[Round "1.9"]
[White "Tokarz, Gabriela"]
[Black "Chrzanowska, Karolina"]
[Result "1-0"]
[WhiteElo "1825"]
[BlackElo "1527"]
[PlyCount "95"]
[TimeControl "90/40+15:0"]
[WhiteClock "0:09:12"]
[BlackClock "1:16:47"]

1. d4 d5 2. c4 e6 3. Nc3 Nf6 4. cxd5 exd5 5. Bg5 Be7 6. Qc2 c6 7. e3 O-O 8. Bd3 h6 9. Bh4 Re8 10. Nf3 Ne4 11. Bxe7 Qxe7 12. O-O Nd7 13. Rab1 Ndf6 14. Ne5 Nd6 15. b4 a6 16. Na4 Ng4 17. Nb6 Rb8 18. Nxc8 Rbxc8 19. Nxg4 f6 20. h3 Qc7 21. Nh2 Re7 22. Nf3 Nf7 23. Nh4 Ree8 24. Bh7+ Kh8 25. Bf5 Rcd8 26. Ng6+ Kg8 27. Nf4 Qb8 28. Bg6 Re7 29. Bh7+ Kh8 30. Ng6+ Kxh7 31. Nxe7+ Kh8 32. Ng6+ Kg8 33. Nf4 Re8 34. a4 Ng5 35. Rfc1 Ne4 36. b5 axb5 37. axb5 cxb5 38. Rxb5 Qa7 39. Qb2 Nd6 40. Rxd5 Ne4 41. Rd7 Qa5 42. Qb3+ Kh7 43. Qf7 Rg8 44. Qg6+ Kh8 45. Qxe4 Qb5 46. Ng6+ Kh7 47. Nf8+ Kh8 48. Qh7# 1-0

[Event "Mistrzostwa Polski Juniorek Młodszych "]
[Site "Suwałki, Poland"]
[Date "????.??.??"]
[Round "1.8"]
[White "Sekiewicz, Weronika"]
[Black "Popczynska, Michalina"]
[Result "0-1"]
[WhiteElo "1545"]
[BlackElo "1834"]
[PlyCount "84"]
[TimeControl "90/40+15:0"]
[WhiteClock "0:16:35"]
[BlackClock "0:15:39"]

1. e4 c5 2. Nf3 e6 3. d4 cxd4 4. Nxd4 a6 5. Nc3 Qc7 6. a3 b5 7. Bd3 Bb7 8. O-O Nf6 9. Bd2 Be7 10. Re1 d6 11. Be3 Nbd7 12. h3 Nb6 13.
f3 Nc4 14. Bxc4 bxc4 15. Qd2 O-O 16. Bf2 h6 17. Rad1 Rab8 18.
Nde2 Ba8 19. Rb1 Rfd8 20. Nd4 Rb7 21. b3 cxb3 22. cxb3 Rc8 23. Rec1 Qb8 24. Qd3 Rbc7 25. Nce2 Bb7 26. b4 Rxc1+ 27. Rxc1 Rxc1+ 28. Nxc1 d5 29. exd5 Nxd5 30. Nce2 Bd6 31. Qc2 Qd8 32. Qd2 Qf6 33. Ng3 Bf4 34. Qd3 Qe5 35. Nde2 Qa1+ 36. Kh2 Bb8 37. Bd4 Qe1 38. f4 Nxf4 39. Nxf4 Bxf4 40. Bc3 Qf2 41. Qd8+ Kh7 42. Qd3+ g6 0-1

[Event "Mistrzostwa Polski Juniorek Młodszych "]
[Site "Suwałki, Poland"]
[Date "????.??.??"]
[Round "1.16"]
[White "Koc, Hanna"]
[Black "Mataczyna, Aleksandra"]
[Result "1-0"]
[WhiteElo "1514"]
[BlackElo "1747"]
[PlyCount "108"]
[TimeControl "90/40+15:0"]
[WhiteClock "0:00:51"]
[BlackClock "0:28:39"]

1. d4 d5 2. Nf3 Nf6 3. c3 Bg4 4. Ne5 Bf5 5. Qb3 Qc8 6. Bf4 e6 7. Nd2 Be7 8. e3 Nbd7 9. Bg5 O-O 10. Nxd7 Qxd7 11. Nf3 Ne4 12. Ne5 Qd8 13. Bxe7 Qxe7 14. Qxb7 Rab8 15. Nc6 Rxb7 16. Nxe7+ Kh8 17. Nxf5 exf5 18. f3 Nd6 19. b3 a5 20. Bd3 c6 21. Kf2 g6 22. Rae1 Rc7 23.
e4 fxe4 24. fxe4 dxe4 25. Bxe4 Nb5 26. Rc1 Rfc8 27. Bd3 Nd6 28. c4 Ne8 29. Rhe1 f6 30. Re6 Kg8 31. Rce1 Kf7 32. c5 Ng7 33. R6e2 Rd8 34. Bc4+ Kf8 35. Rd2 Rcd7 36. Red1 Nf5 37. d5 cxd5 38. Rxd5 Rxd5 39. Rxd5 Rxd5 40. Bxd5 Ke7 41. a3 Kd7 42. b4 axb4 43. axb4 Nd4 44. Kg3 Kc7 45. Kf4 Nb5 46. Bc4 Na3 47. Be2 Kc6 48. Bf3+ Kb5 49. c6 Kb6 50. g4 Nc2 51. b5 Nd4 52. Ke4 Nxb5 53.
Kd5 Kc7 54. Kc5 Na7 1-0

[Event "Mistrzostwa Polski Juniorek Młodszych "]
[Site "Suwałki, Poland"]
[Date "????.??.??"]
[Round "1.5"]
[White "Izafatava, Kira"]
[Black "Grabowska, Kinga"]
[Result "1-0"]
[WhiteElo "1905"]
[BlackElo "1576"]
[PlyCount "61"]
[TimeControl "90/40+15:0"]
[WhiteClock "0:05:57"]
[BlackClock "0:13:35"]

1. e4 e6 2. d4 d5 3. Nc3 Bb4 4. e5 c5 5. Qg4 Ne7 6. Qxg7 Rg8 7. Qxh7 cxd4 8.
a3 Qa5 9. Rb1 dxc3 10. axb4 Qxb4 11. Qd3 cxb2+ 12. Bd2 Qb6 13. Nf3 Rg4 14. h4 Nbc6 15. Bc3 Ra4 16. h5 d4 17. h6 Ng6 18. Qxg6 fxg6 19. h7 dxc3 20.
Rd1 Re4+ 21. Be2 Nd4 22. h8=Q+ Kd7 23. Rh7+ Kc6 24. Qe8+ Kd5 25. Rxd4+ Rxd4 26. Rd7+ Bxd7 27. Qxd7+ Ke4 28. Bd3+ Kf4 29. Qf7+ Kg4 30. Qxg6+ Kf4 31. Qg3# 1-0

[Event "Mistrzostwa Polski Juniorek Młodszych "]
[Site "Suwałki, Poland"]
[Date "????.??.??"]
[Round "1.10"]
[White "Urbanska, Ada"]
[Black "Figa, Karolina"]
[Result "0-1"]
[WhiteElo "1526"]
[BlackElo "1811"]
[PlyCount "44"]
[TimeControl "90/40+15:0"]
[WhiteClock "1:22:32"]
[BlackClock "1:20:24"]

1. e4 c6 2. d4 d5 3. exd5 cxd5 4. Nf3 Nc6 5. Bf4 Bg4 6. Bb5 e6 7. Nbd2 Bd6 8. Bxd6 Qxd6 9. O-O Nge7 10. c3 O-O 11. h3 Bh5 12. Qc2 f6 13. Rfe1 Bg6 14. Bd3 e5 15. dxe5 fxe5 16. Bxg6 Nxg6 17. Rad1 Qf6 18. b4 e4 19. Nh2 Qxf2+ 20. Kh1 Nf4 21. Rg1 Ne2 22. Rgf1 Ng3# 0-1

[Event "Mistrzostwa Polski Juniorek Młodszych "]
[Site "Suwałki, Poland"]
[Date "????.??.??"]
[Round "1.14"]
[White "Grad, Zuzanna"]
[Black "Debowska, Olga"]
[Result "0-1"]
[WhiteElo "1521"]
[BlackElo "1778"]
[PlyCount "62"]
[TimeControl "90/40+15:0"]
[WhiteClock "0:14:18"]
[BlackClock "0:13:16"]

1. e4 e5 2. Nf3 Nf6 3. Nc3 Nc6 4. d4 exd4 5. Nxd4 Bb4 6.
Nxc6 bxc6 7. Bd3 O-O 8. O-O d5 9. exd5 cxd5 10. h3 h6 11.
Bf4 c6 12. Qf3 Bd6 13. Ne2 Ne8 14. Nd4 Bd7 15. c4 Bxf4 16. Qxf4 Qf6 17. Qxf6 Nxf6 18. Rfe1 Rfe8 19. Rad1 Rad8 20. cxd5 Nxd5 21.
Bc4 Nb6 22. Bb3 Rxe1+ 23. Rxe1 c5 24. Nf3 c4 25. Bc2 Be6 26.
Re2 Kf8 27. Kf1 Nd5 28. Rd2 Rb8 29. Be4 c3 30. bxc3 Nxc3 31.
Bc6 Rb1+ 0-1

[Event "Mistrzostwa Polski Juniorek Młodszych "]
[Site "Suwałki, Poland"]
[Date "????.??.??"]
[Round "1.12"]
[White "Woytitzki, Maja"]
[Black "Gora, Maria"]
[Result "0-1"]
[WhiteElo "1525"]
[BlackElo "1791"]
[PlyCount "90"]
[TimeControl "90/40+15:0"]
[WhiteClock "0:08:44"]
[BlackClock "0:16:04"]

1. d4 Nf6 2. c4 e6 3. Nf3 Bb4+ 4. Bd2 Qe7 5. a3 Bxd2+ 6. Nbxd2 d6 7. g3 e5 8. dxe5 dxe5 9. e3 a5 10. Qc2 Nbd7 11. Bg2 O-O 12. O-O g6 13. Ne4 Nxe4 14. Qxe4 Re8 15. Qc2 Nc5 16. Rfd1 Bf5 17. Qe2 Nb3 18. Ra2 Rad8 19. Nh4 Be6 20. Bd5 c6 21. Bxe6 Qxe6 22. Nf3 Rxd1+ 23. Qxd1 Qxc4 24. Kg2 Qd5 25. Qxd5 cxd5 26. a4 e4 27. Ne1 Rc8 28. Ra3 Nd2 29. Ra1 Rc5 30. Rd1 Nc4 31. b3 Ne5 32. Rd2 Kf8 33.
h3 Ke7 34. Rc2 Kd6 35. Kf1 Rxc2 36. Nxc2 Nc6 37. Ke2 Kc5 38. Kd2 d4 39. Na3 Kb4 40. Nb5 d3 41. Nd6 f5 42. g4 Kxb3 43. gxf5 gxf5 44. Nxf5 Ne5 45. Nd6 Nc4+ 0-1

[Event "Mistrzostwa Polski Juniorek Młodszych "]
[Site "Suwałki, Poland"]
[Date "????.??.??"]
[Round "1.22"]
[White "Grad, Barbara"]
[Black "Pisznot, Lena"]
[Result "1-0"]
[WhiteElo "1480"]
[BlackElo "1652"]
[PlyCount "145"]
[TimeControl "90/40+15:0"]
[WhiteClock "0:41:06"]
[BlackClock "0:33:32"]

1. e4 c5 2. c3 g6 3. d4 cxd4 4. cxd4 Bg7 5. Nf3 Nc6 6. Be3 e6 7. Nc3 Nge7 8. Be2 d5 9. e5 O-O 10. O-O f6 11. exf6 Bxf6 12. Bg5 Bxg5 13. Nxg5 Qb6 14. Nf3 Qxb2 15. Na4 Qb4 16. a3 Qd6 17. Nc5 Rb8 18.
Bb5 a6 19. Ba4 b5 20. Bc2 e5 21. Nb3 e4 22. Nfd2 Nf5 23. Nb1 Qf6 24. Nc3 Rd8 25. Ne2 Bd7 26. Qd2 Rbc8 27. Rfd1 Re8 28. Nf4 Be6 29. Bb1 Bf7 30. Ba2 e3 31. fxe3 Nxe3 32. Nxd5 Bxd5 33. Re1 Nc4 34. Qd3 Nxa3 35. Rf1 Qg7 36. Nd2 Bxa2 37. Rxa2 Nc4 38. Nxc4 bxc4 39. Qxc4+ Kh8 40. Kh1 Nxd4 41. Qxa6 Ra8 42. Qxa8 Rxa8 43.
Rxa8+ Qg8 44. Rxg8+ Kxg8 45. Rd1 Nf5 46. Rd7 Kf8 47. Rxh7 Ng7 48.
Rh3 Nf5 49. Rf3 Kg7 50. g3 Kh6 51. Kg2 Kg5 52. Rf4 Ne3+ 53.
Kf3 Nf5 54. h4+ Kh6 55. Kg4 Ne3+ 56. Kh3 Nf5 57. g4 Nxh4 58. g5+ Kh5 59. Rxh4+ Kxg5 60. Kg3 Kf5 61. Rg4 g5 62. Kf3 Kg6 63. Ke4 Kf6 64. Rg3 Kg6 65. Ke5 Kh5 66. Kf5 Kh4 67. Rxg5 Kh3 68. Rg8 Kh2 69. Kf4 Kh1 70. Kf3 Kh2 71. Rg7 Kh1 72. Kf2 Kh2 73. Rh7# 1-0

[Event "Mistrzostwa Polski Juniorek Młodszych "]
[Site "Suwałki, Poland"]
[Date "????.??.??"]
[Round "1.11"]
[White "Piekutowska, Lena"]
[Black "Jastrzebska, Lena"]
[Result "1-0"]
[WhiteElo "1797"]
[BlackElo "1526"]
[PlyCount "121"]
[TimeControl "90/40+15:0"]
[WhiteClock "0:24:11"]
[BlackClock "0:10:34"]

1. d4 d5 2. c4 e6 3. Nc3 Nf6 4. cxd5 exd5 5. Bg5 Be7 6. e3 O-O 7. Bd3 c6 8. Nge2 Nbd7 9. Qc2 Re8 10. O-O Nf8 11. Ng3 g6 12. Rfc1 Ne6 13.
Bxf6 Bxf6 14. Rab1 Bd7 15. b4 a6 16. Qb3 Qc8 17. a4 h5 18.
Nxd5 Qd8 19. Nxf6+ Qxf6 20. Ne4 Qh4 21. Nc5 Bc8 22. Nxe6 Bxe6 23. Bc4 Bxc4 24. Rxc4 Qe7 25. Rbc1 Qe6 26. R4c3 Qxb3 27. Rxb3 Kg7 28. h3 Re6 29. f3 a5 30. Kf2 axb4 31. Rxb4 b5 32. Ra1 Ra5 33. d5 cxd5 34. Rxb5 Rxb5 35. axb5 Rb6 36. Rb1 Kf6 37. Ke2 Ke5 38. Kd3 Ke6 39. Kd4 Kd6 40. Rb2 Rb7 41. b6 Kc6 42. Rc2+ Kd6 43. Rb2 Kc6 44. g4 h4 45. g5 Kd6 46. Rb3 Kc6 47. Ke5 Kc5 48. Rb1 Re7+ 49. Kf4 Rb7 50.
Kg4 Rxb6 51. Rxb6 Kxb6 52. Kxh4 Kc5 53. Kg4 Kd6 54. f4 Ke6 55. h4 Ke7 56. f5 Ke8 57.
Kf4 Ke7 58. fxg6 fxg6 59. Ke5 d4 60. exd4 Kd7 61. Ke4 1-0

[Event "Mistrzostwa Polski Juniorek Młodszych "]
[Site "Suwałki, Poland"]
[Date "????.??.??"]
[Round "1.15"]
[White "Kochanowska, Patrycja"]
[Black "Jedlikowska, Maja"]
[Result "1/2-1/2"]
[WhiteElo "1756"]
[BlackElo "1520"]
[PlyCount "74"]
[TimeControl "90/40+15:0"]
[WhiteClock "0:16:36"]
[BlackClock "0:09:26"]

1. e4 e6 2. d4 d5 3. exd5 exd5 4. Bf4 Nf6 5. Bd3 Bd6 6. Bxd6 Qxd6 7. c3 O-O 8. Ne2 Nc6 9. h3 h6 10. O-O Ne7 11. Ng3 Be6 12. Nd2 Qd7 13.
Qc2 c6 14. Rfe1 Qc7 15. Nb3 b6 16. Rac1 Rad8 17. Nd2 Rfe8 18. Nf3 Nc8 19. Ne5 Nd7 20. Qd2 Nxe5 21. Rxe5 f6 22. Re3 Bf7 23. Rce1 Nd6 24. b3 b5 25. Bc2 Rxe3 26. Rxe3 Re8 27. Qe2 Rxe3 28. Qxe3 Kf8 29. Kf1 a5 30. Ne2 Qe7 31. Nf4 Qxe3 32. fxe3 Ke7 33. Kf2 g5 34. Ne2 f5 35. Nc1 Kf6 36. Bd3 Bg6 37. Kf3 h5 1/2-1/2

[Event "Mistrzostwa Polski Juniorek Młodszych "]
[Site "Suwałki, Poland"]
[Date "????.??.??"]
[Round "1.18"]
[White "Bogalecka, Gabriela"]
[Black "Racis, Weronika"]
[Result "1-0"]
[WhiteElo "1502"]
[BlackElo "1722"]
[PlyCount "77"]
[TimeControl "90/40+15:0"]
[WhiteClock "0:02:17"]
[BlackClock "0:48:39"]

1. e4 e6 2. d4 d5 3. exd5 exd5 4. c4 Nf6 5. Nc3 c6 6. Nf3 Bd6 7. Bg5 dxc4 8. Bxc4 O-O 9. O-O Bg4 10. h3 Bh5 11. Ne4 Be7 12. Bxf6 Bxf6 13. Nxf6+ Qxf6 14. Be2 Rd8 15. Ne5 Bxe2 16. Qxe2 Rxd4 17. Rad1 c5 18. Nf3 Rd8 19. Qe5 Nd7 20. Qc7 Nb6 21. Rxd8+ Rxd8 22. Qxb7 Qxb2 23. Qxa7 c4 24. Ng5 Qf6 25. Ne4 Qc6 26. Ng3 h6 27. Qa3 c3 28. Rc1 c2 29. Kh2 Rd2 30. Qe3 Nc4 31. Qe4 Qa4 32. Nf1 Rxf2 33.
Ne3 Qa3 34. Qe8+ Kh7 35. Qe4+ f5 36. Nxf5 Qxc1 37. Ne7+ Kh8 38. Qa8+ Kh7 39. Qg8# 1-0

[Event "Mistrzostwa Polski Juniorek Młodszych "]
[Site "Suwałki, Poland"]
[Date "????.??.??"]
[Round "1.21"]
[White "Polakiewicz, Blanka"]
[Black "Kaczan, Anna"]
[Result "1-0"]
[WhiteElo "1677"]
[BlackElo "1480"]
[PlyCount "101"]
[TimeControl "90/40+15:0"]
[WhiteClock "0:13:14"]
[BlackClock "0:15:45"]

1. e4 c5 2. Nf3 d6 3. d4 cxd4 4. Nxd4 Nf6 5. Nc3 a6 6. Be2 e5 7. Nb3 Be7 8. Be3 Be6 9. f3 h5 10. Qd2 Nbd7 11. O-O h4 12. f4 b5 13. f5 Bc4 14. a4 Bxe2 15. Qxe2 b4 16. Nd5 Nxd5 17. exd5 a5 18.
Nd2 Kf8 19. Nc4 Qc7 20. b3 Rb8 21. Rad1 Nf6 22. h3 Nh5 23.
Bf2 Nf4 24. Qe4 Rh5 25. Kh1 Bd8 26. Be3 Ne2 27. Qg4 Ng3+ 28.
Kg1 Rh7 29. Rf3 Qd7 30. Bf2 Ne2+ 31. Kf1 Nf4 32. Rxf4 exf4 33. Qxf4 Rh6 34. Bd4 g5 35. Qf3 f6 36. Re1 Kg7 37. Re6 Bc7 38. Qe3 Kg8 39. Bxf6 Rxf6 40. Qxg5+ Qg7 41. Qxf6 Rf8 42. Qxg7+ Kxg7 43. Re7+ Rf7 44. Rxf7+ Kxf7 45. Ke2 Kf6 46.
Ne3 Ke5 47. Kf3 Bb6 48. Nc4+ Kxf5 49. Nxb6 Ke5 50. Ke3 Kf5 51. Nc4 1-0

[Event "Mistrzostwa Polski Juniorek Młodszych "]
[Site "Suwałki, Poland"]
[Date "????.??.??"]
[Round "1.1"]
[White "Matskevich, Varvara"]
[Black "Poloczek, Maja"]
[Result "1-0"]
[WhiteElo "1989"]
[BlackElo "1591"]
[PlyCount "95"]
[TimeControl "90/40+15:0"]
[WhiteClock "0:18:12"]
[BlackClock "0:52:16"]

1. e4 e5 2. Nf3 Nc6 3. Bb5 a6 4. Ba4 Nf6 5. d3 Be7 6. c3 b5 7. Bb3 O-O 8. O-O d5 9. Nbd2 Re8 10. Qe2 Bf8 11. Rd1 g6 12. Nf1 Bg7 13.
Ng3 Bb7 14. Bd2 a5 15. a4 b4 16. Ng5 h6 17. exd5 Nxd5 18. Qf3 hxg5 19. Bxd5 Qf6 20. Qxf6 Bxf6 21. Ne4 Be7 22. Bxg5 Bxg5 23. Nxg5 Re7 24. Ne4 Rd8 25. cxb4 axb4 26. a5 Kg7 27. Bc4 Nxa5 28. Nc5 Nxc4 29. dxc4 Rxd1+ 30. Rxd1 Bc6 31. b3 Re8 32. Na6 Be4 33. Nc5 Bc6 34. Ra1 Rd8 35. Na6 Ra8 36. Ra2 Rd8 37. h3 Be4 38. Rb2 Rd1+ 39. Kh2 Rb1 40.
Rxb1 Bxb1 41. Nxb4 Kf8 42. Kg3 Ke7 43. Kf3 Kd6 44. Ke3 c5 45.
Nd3 f5 46. h4 f4+ 47. Kd2 Ba2 48. Kc2 1-0

[Event "Mistrzostwa Polski Juniorek Młodszych "]
[Site "Suwałki, Poland"]
[Date "????.??.??"]
[Round "1.2"]
[White "Drapala, Katarzyna"]
[Black "Owczarek, Hanna"]
[Result "0-1"]
[WhiteElo "1591"]
[BlackElo "1920"]
[PlyCount "93"]
[TimeControl "90/40+15:0"]
[WhiteClock "0:21:24"]
[BlackClock "1:04:12"]

1. e4 c5 2. Nf3 Nc6 3. d4 cxd4 4. Nxd4 Nf6 5. Nc3 e5 6.
Ndb5 d6 7. Bg5 a6 8. Na3 b5 9. Nd5 Be7 10. Nxf6+ Bxf6 11. Bxf6 Qxf6 12. Be2 O-O 13. O-O Bb7 14. c3 Rfd8 15. Nc2 Ne7 16. Bf3 d5 17. exd5 Bxd5 18. Bxd5 Nxd5 19. Qe2 Qg6 20. Ne3 Qe4 21. Qc2 Qxc2 22. Nxc2 Rd6 23. Rfe1 f6 24. a4 bxa4 25. Rxa4 Rb8 26. Nb4 Nxb4 27. Rxb4 Rxb4 28. cxb4 Kf7 29. h4 Ke6 30. Ra1 Kd5 31. b3 Rb6 32. g3 Kd4 33. Rd1+ Kc3 34. Rd7 g6 35. Rxh7 Kxb3 36. Rg7 f5 37. Kf1 Kxb4 38. Rd7 a5 39. Ke1 a4 40. Kd1 Kc3 41. Rc7+ Kd3 42. Rd7+ Ke4 43. Rd2 a3 44. Ra2 Rb1+ 45. Kc2 Rb2+ 46. Rxb2 axb2 47. Kxb2 0-1

[Event "Mistrzostwa Polski Juniorek Młodszych "]
[Site "Suwałki, Poland"]
[Date "????.??.??"]
[Round "1.13"]
[White "Malicka, Magdalena"]
[Black "Kolosza, Zuzanna"]
[Result "1-0"]
[WhiteElo "1780"]
[BlackElo "1523"]
[PlyCount "51"]
[TimeControl "90/40+15:0"]
[WhiteClock "0:02:24"]
[BlackClock "0:35:17"]

1. e4 c5 2. Nf3 e6 3. c3 Nf6 4. e5 Nd5 5. d4 cxd4 6. cxd4 Nc6 7. Bc4 d6 8. O-O Qc7 9. a3 Be7 10. Qe2 O-O 11. Qe4 Rd8 12. Ng5 Bxg5 13. Bxg5 Nde7 14. Bd3 g6 15. Bf6 dxe5 16. dxe5 Rd4 17. Qe3 Rxd3 18. Qxd3 h6 19. Nc3 b6 20. Qh3 Kh7 21. Nb5 Qb8 22. Nd6 Ba6 23. Nxf7 Qf8 24. Ng5+ Kg8 25. Qxe6+ Qf7 26. Qxf7# 1-0